| TOP OF THE 1ST |
|
Kinston Eagles batting - Pitching for Rocky Mount Leafs : RHP Jon Perlman
|
|
Pitching: RHP Jon Perlman
|
|
|
Batting: RHB Guadalupe Garcia
|
0-0: Ball 1-0: Called Strike 1-1: SINGLE (Groundball, 13, EV 85.0 MPH) (infield hit)
|
|
Batting: RHB Tony Incaviglia
|
0-0: Ball Guadalupe Garcia steals 2nd base (no throw) 1-0: Foul Ball, location: 2F 1-1: Ball 2-1: Called Strike 2-2: Ball 3-2: Fly out, F8 (Line Drive, 8RM, EV 94.4 MPH)
|
|
Batting: LHB Eric Peyton
|
0-0: Ball 1-0: Ball 2-0: Ball 3-0: Called Strike 3-1: Ground out 4-3 (Groundball, 34, EV 84.4 MPH) Guadalupe Garcia to third
|
|
Batting: RHB Carlos Ponce
|
0-0: Called Strike 0-1: Fly out, F8 (Line Drive, 8RD, EV 92.5 MPH)
|
| Top of the 1st over - 0 runs, 1 hit, 0 errors, 1 left on base; Kinston 0 - Rocky Mount 0 |
| BOTTOM OF THE 1ST |
|
Rocky Mount Leafs batting - Pitching for Kinston Eagles : RHP Reno Aragon
|
|
Pitching: RHP Reno Aragon
|
|
|
Batting: LHB Oscar Ramirez
|
0-0: Ball 1-0: Called Strike 1-1: Foul Ball, location: 2F 1-2: Foul Ball, location: 2F 1-2: Ball 2-2: Ball 3-2: Foul Ball, location: 2F 3-2: Fly out, F8 (Flyball, 8RM, EV 82.5 MPH)
|
|
Batting: RHB Alex Sanchez
|
0-0: Reached on error, E7 (Flyball, 7, EV 90.0 MPH)
|
|
Batting: RHB Joseph Scherger
|
0-0: Ball 1-0: Called Strike 1-1: Ball 2-1: Grounds into double play, 6-4-3 (Groundball, 6, EV 103.1 MPH)
|
| Bottom of the 1st over - 0 runs, 0 hits, 1 error, 0 left on base; Kinston 0 - Rocky Mount 0 |
| TOP OF THE 2ND |
|
Kinston Eagles batting - Pitching for Rocky Mount Leafs : RHP Jon Perlman
|
|
Batting: RHB Elias Corona
|
0-0: Called Strike 0-1: Fly out, F8 (Flyball, 89D, EV 83.1 MPH)
|
|
Batting: RHB Francisco Guerra
|
0-0: Fly out, F4 (Popup, 4S, EV 85.0 MPH)
|
|
Batting: RHB Rodney Hudson
|
0-0: Foul Ball, location: 2F 0-1: Ball 1-1: Fly out, F4 (Flyball, 4D, EV 90.6 MPH)
|
| Top of the 2nd over - 0 runs, 0 hits, 0 errors, 0 left on base; Kinston 0 - Rocky Mount 0 |
| BOTTOM OF THE 2ND |
|
Rocky Mount Leafs batting - Pitching for Kinston Eagles : RHP Reno Aragon
|
|
Batting: LHB Larry Ray
|
0-0: Ball 1-0: Ball 2-0: Ball 3-0: Called Strike 3-1: Swinging Strike 3-2: Base on Balls
|
|
Batting: RHB Glen Bockhorn
|
0-0: Foul Ball, location: 2F 0-1: Ball 1-1: Ball 2-1: Ball 3-1: Called Strike 3-2: Foul Ball, location: 2F 3-2: Base on Balls Larry Ray to second
|
|
Batting: RHB Ricardo Villasenor
|
0-0: Fielders Choice at 2nd, 5-4 (Groundball, 5, EV 91.9 MPH) Larry Ray to third
|
|
Batting: RHB Sergio Loya
|
0-0: Ball 1-0: Ball 2-0: Grounds into double play, 6-4-3 (Groundball, 6S, EV 78.1 MPH)
|
| Bottom of the 2nd over - 0 runs, 0 hits, 0 errors, 1 left on base; Kinston 0 - Rocky Mount 0 |
| TOP OF THE 3RD |
|
Kinston Eagles batting - Pitching for Rocky Mount Leafs : RHP Jon Perlman
|
|
Batting: LHB Gregory Burtt
|
0-0: Fly out, F4 (Flyball, 34D, EV 88.8 MPH)
|
|
Batting: LHB Randall Curtis
|
0-0: Swinging Strike 0-1: Called Strike 0-2: Ball 1-2: Foul Ball, location: 2F 1-2: Reached on error, E6 (Groundball, 6, EV 78.1 MPH)
|
|
Batting: RHB Guadalupe Garcia
|
0-0: Ball 1-0: Ball 2-0: Called Strike 2-1: Foul Ball, location: 2F 2-2: Ball 3-2: Foul Ball, location: 2F 3-2: Fly out, F3 (Line Drive, 3, EV 65.6 MPH)
|
|
Batting: RHB Tony Incaviglia
|
0-0: Ball 1-0: Ball 2-0: Foul Ball, location: 2F 2-1: SINGLE (Groundball, 6D, EV 98.8 MPH) Randall Curtis to second
|
|
Batting: LHB Eric Peyton
|
0-0: SINGLE (Groundball, 6M, EV 91.3 MPH) (infield hit) Randall Curtis to third Tony Incaviglia to second
|
|
Batting: RHB Carlos Ponce
|
0-0: Ball 1-0: SINGLE (Flyball, 6D, EV 88.1 MPH) Randall Curtis scores Tony Incaviglia to third Eric Peyton to second Runner from 3rd tries for Home, SAFE, throw by LF to home
|
|
Batting: RHB Elias Corona
|
0-0: Ball 1-0: Ball 2-0: Called Strike 2-1: Ground out 4-3 (Groundball, 34, EV 77.5 MPH)
|
| Top of the 3rd over - 2 runs, 3 hits, 1 error, 2 left on base; Kinston 2 - Rocky Mount 0 |
| BOTTOM OF THE 3RD |
|
Rocky Mount Leafs batting - Pitching for Kinston Eagles : RHP Reno Aragon
|
|
Batting: RHB Blane McDonald
|
0-0: Ball 1-0: Foul Ball, location: 2F 1-1: Ball 2-1: Ball 3-1: SINGLE (Line Drive, 9S, EV 96.3 MPH)
|
|
Batting: RHB Todd Cruz
|
0-0: Ball 1-0: Called Strike 1-1: Ball 2-1: Ball 3-1: Called Strike 3-2: SINGLE (Groundball, 56D, EV 105.0 MPH) Blane McDonald to second
|
|
Batting: LHB Oscar Ramirez
|
0-0: SINGLE (Line Drive, 89S, EV 93.1 MPH) Blane McDonald to third Todd Cruz to second
|
|
Batting: RHB Alex Sanchez
|
0-0: Ball 1-0: Grounds into double play, 6-4-3 (Groundball, 6, EV 103.1 MPH) Blane McDonald scores Todd Cruz to third
|
|
Batting: RHB Joseph Scherger
|
0-0: Called Strike 0-1: Swinging Strike 0-2: Foul Ball, location: 2F 0-2: SINGLE (Flyball, 3D, EV 94.4 MPH) Todd Cruz scores
|
|
Batting: LHB Larry Ray
|
0-0: Called Strike 0-1: Ball 1-1: SINGLE (Line Drive, 4MD, EV 102.5 MPH) Joseph Scherger to second
|
|
Batting: RHB Glen Bockhorn
|
0-0: Called Strike 0-1: Called Strike 0-2: SINGLE (Groundball, 56D, EV 95.0 MPH) Joseph Scherger to third Larry Ray to second Runner from 3rd tries for Home, SAFE, throw by LF to home
|
|
Batting: RHB Ricardo Villasenor
|
0-0: Ball 1-0: Ball 2-0: Ball 3-0: Called Strike 3-1: DOUBLE (Line Drive, 3D, EV 102.5 MPH) Larry Ray scores Glen Bockhorn to third Runner from 3rd tries for Home, SAFE, no throw by RF
|
|
Batting: RHB Sergio Loya
|
0-0: Foul Ball, location: 2F 0-1: Ball 1-1: Swinging Strike 1-2: Fly out, F4 (Popup, 4S, EV 76.3 MPH)
|
| Bottom of the 3rd over - 5 runs, 7 hits, 0 errors, 1 left on base; Kinston 2 - Rocky Mount 5 |
| TOP OF THE 4TH |
|
Kinston Eagles batting - Pitching for Rocky Mount Leafs : RHP Jon Perlman
|
|
Batting: RHB Francisco Guerra
|
0-0: Swinging Strike 0-1: Ball 1-1: Called Strike 1-2: Strikes out looking
|
|
Batting: RHB Rodney Hudson
|
0-0: Foul Ball, location: 2F 0-1: Ball 1-1: Ball 2-1: Called Strike 2-2: Strikes out swinging
|
|
Batting: LHB Gregory Burtt
|
0-0: SINGLE (Groundball, 34D, EV 75.6 MPH) (infield hit)
|
|
Batting: LHB Randall Curtis
|
0-0: Ball 1-0: Called Strike 1-1: Ball 2-1: Fly out, F5 (Flyball, 5D, EV 90.6 MPH)
|
| Top of the 4th over - 0 runs, 1 hit, 0 errors, 1 left on base; Kinston 2 - Rocky Mount 5 |
| BOTTOM OF THE 4TH |
|
Rocky Mount Leafs batting - Pitching for Kinston Eagles : RHP Reno Aragon
|
|
Batting: RHB Blane McDonald
|
0-0: Called Strike 0-1: Ball 1-1: Called Strike 1-2: Ball 2-2: Ball 3-2: Base on Balls
|
|
Batting: RHB Todd Cruz
|
0-0: Ball 1-0: Ball 2-0: Swinging Strike 2-1: Swinging Strike 2-2: Strikes out swinging
|
|
Batting: LHB Oscar Ramirez
|
0-0: Ball 1-0: Foul Ball, location: 2F 1-1: Ball 2-1: Foul Ball, location: 2F 2-2: Ball 3-2: Fielders Choice at 2nd, 6-4 (Groundball, 6, EV 111.3 MPH)
|
|
Batting: RHB Alex Sanchez
|
0-0: Ball 1-0: Ball Oscar Ramirez steals 2nd base 2-0: Called Strike 2-1: Ball 3-1: Base on Balls
|
|
Batting: RHB Joseph Scherger
|
0-0: Ball 1-0: Ball 2-0: Ball 3-0: Called Strike 3-1: SINGLE (Groundball, 56D, EV 96.9 MPH) Oscar Ramirez to third Alex Sanchez to second Runner from 3rd tries for Home, SAFE, throw by LF to home Alex Sanchez to third Joseph Scherger to second
|
|
Pitching: LHP Robert Allen
|
|
|
Batting: LHB Larry Ray
|
0-0: Ball 1-0: Foul Ball, location: 2F 1-1: Ball 2-1: Foul Ball, location: 2F 2-2: DOUBLE (Flyball, 7LD, EV 113.8 MPH) Alex Sanchez scores Joseph Scherger scores
|
|
Batting: RHB Glen Bockhorn
|
0-0: Ball 1-0: Foul Ball, location: 2F 1-1: Swinging Strike 1-2: Ball 2-2: Foul Ball, location: 2F 2-2: Strikes out swinging
|
| Bottom of the 4th over - 3 runs, 2 hits, 0 errors, 1 left on base; Kinston 2 - Rocky Mount 8 |
| TOP OF THE 5TH |
|
Kinston Eagles batting - Pitching for Rocky Mount Leafs : RHP Jon Perlman
|
|
Batting: RHB Guadalupe Garcia
|
0-0: Ball 1-0: SINGLE (Groundball, 34D, EV 99.4 MPH)
|
|
Batting: RHB Tony Incaviglia
|
0-0: Called Strike 0-1: Foul Ball, location: 2F 0-2: Ball 1-2: Ball 2-2: Strikes out swinging
|
|
Batting: LHB Eric Peyton
|
0-0: Called Strike Guadalupe Garcia is caught stealing 2nd base 2-6 0-1: Ground out 6-3 (Groundball, 6, EV 83.8 MPH)
|
| Top of the 5th over - 0 runs, 1 hit, 0 errors, 0 left on base; Kinston 2 - Rocky Mount 8 |
| BOTTOM OF THE 5TH |
|
Rocky Mount Leafs batting - Pitching for Kinston Eagles : LHP Robert Allen
|
|
Batting: RHB Ricardo Villasenor
|
0-0: Ball 1-0: Fly out, F7 (Flyball, 7, EV 83.8 MPH)
|
|
Batting: RHB Sergio Loya
|
0-0: Ball 1-0: Swinging Strike 1-1: Swinging Strike 1-2: Strikes out swinging
|
|
Batting: RHB Blane McDonald
|
0-0: Called Strike 0-1: Fly out, F8 (Line Drive, 8LD, EV 106.9 MPH)
|
| Bottom of the 5th over - 0 runs, 0 hits, 0 errors, 0 left on base; Kinston 2 - Rocky Mount 8 |
| TOP OF THE 6TH |
|
Kinston Eagles batting - Pitching for Rocky Mount Leafs : RHP Jon Perlman
|
|
Batting: RHB Carlos Ponce
|
0-0: Ground out 5-3 (Groundball, 56, EV 88.8 MPH)
|
|
Batting: RHB Elias Corona
|
0-0: Reached on error, E6 (Groundball, 6M, EV 85.6 MPH)
|
|
Batting: RHB Francisco Guerra
|
0-0: SINGLE (Flyball, 8LS, EV 88.1 MPH) Elias Corona to second
|
|
Batting: RHB Rodney Hudson
|
0-0: Called Strike 0-1: Foul Ball, location: 2F 0-2: Ball 1-2: Ball 2-2: Foul Ball, location: 2F 2-2: Ball 3-2: Fly out, F9 (Flyball, 9LS, EV 88.1 MPH)
|
|
Batting: LHB Gregory Burtt
|
0-0: Called Strike 0-1: Ball 1-1: SINGLE (Line Drive, 8RS, EV 101.3 MPH) Elias Corona to third Francisco Guerra to second Runner from 3rd tries for Home, SAFE, throw by CF to home
|
|
Batting: LHB Randall Curtis
|
0-0: Called Strike 0-1: Fly out, F6 (Popup, 6MD, EV 56.3 MPH)
|
| Top of the 6th over - 1 run, 2 hits, 1 error, 2 left on base; Kinston 3 - Rocky Mount 8 |
| BOTTOM OF THE 6TH |
|
Rocky Mount Leafs batting - Pitching for Kinston Eagles : LHP Robert Allen
|
|
Batting: RHB Todd Cruz
|
0-0: Swinging Strike 0-1: Fly out, F8 (Line Drive, 8LM, EV 94.4 MPH)
|
|
Batting: LHB Oscar Ramirez
|
0-0: Ball 1-0: Ball 2-0: Foul Ball, location: 2F 2-1: Ball 3-1: Called Strike 3-2: Base on Balls
|
|
Batting: RHB Alex Sanchez
|
0-0: Ball Oscar Ramirez steals 2nd base 1-0: Foul Ball, location: 2F 1-1: Ball 2-1: Swinging Strike 2-2: Foul Ball, location: 2F 2-2: Ball 3-2: Ground out 5-3 (Groundball, 56, EV 88.8 MPH)
|
|
Batting: RHB Joseph Scherger
|
0-0: Ball 1-0: Called Strike 1-1: Foul Ball, location: 2F 1-2: Fly out, F8 (Flyball, 89XD, EV 79.4 MPH)
|
| Bottom of the 6th over - 0 runs, 0 hits, 0 errors, 1 left on base; Kinston 3 - Rocky Mount 8 |
| TOP OF THE 7TH |
|
Kinston Eagles batting - Pitching for Rocky Mount Leafs : RHP Jon Perlman
|
|
Batting: RHB Guadalupe Garcia
|
0-0: Ground out 4-3 (Groundball, 4M, EV 85.0 MPH)
|
|
Batting: RHB Tony Incaviglia
|
0-0: Swinging Strike 0-1: Ball 1-1: Called Strike 1-2: Ball 2-2: Ball 3-2: Fly out, F6 (Popup, 6S, EV 68.1 MPH)
|
|
Batting: LHB Eric Peyton
|
0-0: Ball 1-0: Called Strike 1-1: Swinging Strike 1-2: Fly out, F9 (Flyball, 9, EV 89.4 MPH)
|
| Top of the 7th over - 0 runs, 0 hits, 0 errors, 0 left on base; Kinston 3 - Rocky Mount 8 |
| BOTTOM OF THE 7TH |
|
Rocky Mount Leafs batting - Pitching for Kinston Eagles : LHP Robert Allen
|
|
Batting: LHB Larry Ray
|
0-0: Ball 1-0: Fly out, F9 (Flyball, 89M, EV 86.9 MPH)
|
|
Batting: RHB Glen Bockhorn
|
0-0: Ball 1-0: Ball 2-0: Ball 3-0: Called Strike 3-1: Foul Ball, location: 2F 3-2: Ground out 6-3 (Groundball, 6, EV 83.8 MPH)
|
|
Batting: RHB Ricardo Villasenor
|
0-0: Foul Ball, location: 2F 0-1: Ground out 6-3 (Groundball, 6, EV 75.0 MPH)
|
| Bottom of the 7th over - 0 runs, 0 hits, 0 errors, 0 left on base; Kinston 3 - Rocky Mount 8 |
| TOP OF THE 8TH |
|
Kinston Eagles batting - Pitching for Rocky Mount Leafs : RHP Jon Perlman
|
|
Batting: RHB Carlos Ponce
|
0-0: Ball 1-0: Ground out 6-3 (Groundball, 6M, EV 103.1 MPH)
|
|
Batting: RHB Elias Corona
|
0-0: Called Strike 0-1: Swinging Strike 0-2: Foul Ball, location: 2F 0-2: Ground out 1-3 (Groundball, P, EV 66.3 MPH)
|
|
Batting: RHB Francisco Guerra
|
0-0: Ground out 6-3 (Groundball, 6, EV 81.9 MPH)
|
| Top of the 8th over - 0 runs, 0 hits, 0 errors, 0 left on base; Kinston 3 - Rocky Mount 8 |
| BOTTOM OF THE 8TH |
|
Rocky Mount Leafs batting - Pitching for Kinston Eagles : LHP Robert Allen
|
|
Batting: RHB Sergio Loya
|
0-0: Called Strike 0-1: Fly out, F8 (Flyball, 89D, EV 104.4 MPH)
|
|
Batting: RHB Blane McDonald
|
0-0: Ball 1-0: Fly out, F9 (Flyball, 9S, EV 81.9 MPH)
|
|
Batting: RHB Todd Cruz
|
0-0: Ground out 6-3 (Groundball, P, EV 82.5 MPH)
|
| Bottom of the 8th over - 0 runs, 0 hits, 0 errors, 0 left on base; Kinston 3 - Rocky Mount 8 |
| TOP OF THE 9TH |
|
Kinston Eagles batting - Pitching for Rocky Mount Leafs : RHP Jon Perlman
|
|
Batting: RHB Rodney Hudson
|
0-0: Swinging Strike 0-1: Ball 1-1: Foul Ball, location: 2F 1-2: Ground out 4-3 (Groundball, 4M, EV 83.8 MPH)
|
|
Batting: LHB Gregory Burtt
|
0-0: Foul Ball, location: 2F 0-1: Fly out, F4 (Popup, 3S, EV 85.0 MPH)
|
|
Batting: LHB Randall Curtis
|
0-0: Ball 1-0: Ground out U3 (Groundball, 34, EV 98.8 MPH)
|
| Top of the 9th over - 0 runs, 0 hits, 0 errors, 0 left on base; Kinston 3 - Rocky Mount 8 |
|